 Dungeon Crawl Stone Soup version 0.21.0-24-g2553a33 (webtiles) character file.

158 Monsterracer the Slasher (level 5, -1/36 HPs)
             Began as a Halfling Gladiator on Jan 21, 2018.
             Was an Initiate of Ru.
             Killed by divine providence
             ... invoked by an orc priest
              (10 damage)
             ... on level 3 of the Dungeon.
             The game lasted 00:03:54 (2533 turns).

Monsterracer the Slasher (Halfling Gladiator)       Turns: 2533, Time: 00:03:55

Health: -1/36      AC:  9    Str: 16    XL:     5   Next: 67%
Magic:  0/5        EV: 11    Int:  6    God:    Ru [......]
Gold:   54         SH:  0    Dex: 16    Spells: 4/4 levels left

rFire    . . .     SeeInvis .   a - +0 long sword
rCold    . . .     Gourm    .   (shield restricted)
rNeg     + . .     Faith    .   p - +0 chain mail
rPois    .         Spirit   +   f - +0 helmet
rElec    .         Reflect  .   (no cloak)
rCorr    .         Harm     .   (no gloves)
MR       .....                  (no boots)
Stlth    ..........             k - amulet of guardian spirit
HPRegen  0.12/turn              n - ring of positive energy {!d}
MPRegen  0.09/turn              (no ring)

@: no status effects
A: small, mutation resistance 1
a: Renounce Religion


You were on level 3 of the Dungeon.
You worshipped Ru.
Ru was noncommittal.
You were hungry.

You visited 1 branch of the dungeon, and saw 3 of its levels.

You collected 54 gold pieces.

Inventory:

Hand Weapons
 a - a +0 long sword (weapon)
 m - a cursed +0 short sword
Missiles
 d - 5 throwing nets (quivered)
Armour
 f - a +0 helmet (worn)
 p - a +0 chain mail (worn)
Jewellery
 k - an amulet of guardian spirit (around neck)
 n - a ring of positive energy (left hand) {!d}
Scrolls
 e - 4 scrolls of teleportation {unknown}
 g - 5 scrolls of identify {unknown}
 h - a scroll of amnesia {unknown}
 l - 4 scrolls of remove curse {unknown}
Potions
 b - 2 potions of degeneration {unknown}
 i - a potion of ambrosia {unknown}
 j - a potion of magic {unknown}
Comestibles
 c - 5 rations
 o - 4 chunks of flesh


   Skills:
 + Level 2.8 Fighting
 * Level 4.6 Long Blades
 - Level 2.0 Throwing
 + Level 0.8 Armour
 + Level 4.2 Dodging


You had 4 spell levels left.
You didn't know any spells.

Dungeon Overview and Level Annotations

Branches:
Dungeon (3/15)

Altars:
Nemelex Xobeh
Ru
Xom

Annotations:
D:3 bmj180's ghost, amateur HOFi


Innate Abilities, Weirdness & Mutations

You are small and have problems with some larger weapons.
You are somewhat resistant to further mutation.


Message History

The adder is lightly wounded.
The adder bites you but does no damage. The adder closely misses you.
You riposte.
You hit the adder.
The adder is moderately wounded.
You miss the adder.
The adder is moderately wounded.
The adder barely misses you.
You riposte.
You hit the adder.
The adder is almost dead.
You hit the adder.
You kill the adder!
You barely miss the kobold. The kobold barely misses you.
You hit the kobold.
You kill the kobold!
You hear the slow rusting of a distant drain.
Found a quarterstaff.
You see here an adder corpse.
A rat and a hobgoblin come into view.
The hobgoblin shouts!
You hit the rat.
You kill the rat!
The hobgoblin hits you with a club.
You take 1 damage, and have 25/36 hp.
You now have 4/5 mp.
The hobgoblin hits you but does no damage.
Things that are here:
a quarterstaff; a rat corpse You hit the hobgoblin.
You kill the hobgoblin!
Things that are here:
a club; a hobgoblin corpse
Found a glowing short sword.
You see here a glowing short sword.
MP restored: 5 You see here a glowing short sword.
m - a glowing short sword You are feeling hungry.
You hear the slow rusting of a distant drain.
A kobold comes into view. It is wielding a whip.
A kobold comes into view.
The kobold shouts!
The kobold throws a stone.
The stone hits you but does no damage.
Found a stone staircase leading down.
A goblin and 2 orcs come into view.
The orc shouts! x2; The goblin shouts!
The kobold closely misses you. The kobold hits you but does no damage.
Found 19 arrows.
A ball python and a goblin come into view.
You barely miss the kobold.
The goblin shouts!
You hear a shout!
The kobold barely misses you. The kobold misses you.
A river rat and an orc priest come into view.
You slash the kobold!
You kill the kobold!
The orc priest looks encouraged for a moment.
The kobold hits you but does no damage.
The kobold throws a stone.
The stone barely misses you.
You closely miss the kobold. The kobold hits you but does no damage.
You closely miss the kobold. The kobold hits you but does no damage.
You hit the kobold.
The kobold is heavily wounded.
The kobold closely misses you.
You slash the kobold!
You kill the kobold!
You hit the goblin but do no damage. The goblin hits you with a club.
You take 1 damage, and have 31/36 hp.
You now have 4/5 mp.
You slash the goblin!
You kill the goblin!
The goblin barely misses you.
You slash the goblin!
You kill the goblin!
The orc priest calls down the wrath of Beogh upon you.
Beogh smites you! The orc hits you but does no damage.
You take 9 damage, and have 22/36 hp.
MASSIVE DAMAGE!!
You now have 3/5 mp.
You hit the orc.
The orc is almost dead.
The orc priest looks braver for a moment.
You hit the orc.
The orc is heavily wounded.
The orc barely misses you. The orc completely misses you.
You closely miss the orc.
The orc is almost dead.
The orc priest mumbles some strange prayers to Beogh against you.
Beogh smites you!
* * * LOW HITPOINT WARNING * * *
The orc barely misses you. The orc hits you with a dagger.
* * * LOW HITPOINT WARNING * * *
You take 13 damage, and have 9/36 hp.
MASSIVE DAMAGE!!
You now have 2/5 mp.
You barely miss the orc.
The orc is almost dead.
The orc hits you but does no damage. The orc misses you.
You hit the orc.
The orc is almost dead.
The orc hits you but does no damage. The orc barely misses you.
You riposte.
You hit the orc but do no damage.
The orc is severely wounded.
You hit the orc.
You kill the orc!
The orc hits you but does no damage.
The orc priest calls down the wrath of Beogh upon you.
Beogh smites you!
You die...

## #.######
#......#####
.......
##.###.....#
......( #.#
#####.#
g....o. #.#
#.# ...S...
#.# #.###
....... #.#
#...##.o.....
#.##
###.@#...>...
#..## ##)oro#
##..# ####..#
##.##### ...#
#.#...## #.#
#......## .#
#.......# .
#.......# #.#
#.......# ###
...


You could see an orc priest, a river rat and an orc.

Vanquished Creatures
  3 gnolls (D:2)
  4 adders
  An ooze (D:3)
  3 worms (D:2)
  4 leopard geckos
  2 orcs (D:3)
  4 giant cockroaches
  6 goblins
  7 hobgoblins
  7 jackals (D:1)
  4 quokkas
  2 bats
  A frilled lizard (D:2)
  13 kobolds
  13 rats
74 creatures vanquished.

Notes
Turn   | Place    | Note
-------+----------+-------------------------------------------
     0 | D:1      | Monsterracer the Halfling Gladiator began the quest for the Orb.
     0 | D:1      | Reached XP level 1. HP: 14/14 MP: 1/1
   199 | D:1      | Reached XP level 2. HP: 16/19 MP: 2/2
   551 | D:1      | Reached XP level 3. HP: 20/24 MP: 3/3
  1113 | D:2      | HP: 11/24 [hobgoblin/club (4)]
  1302 | D:2      | Reached XP level 4. HP: 30/30 MP: 4/4
  1354 | D:2      | Found a shimmering altar of Xom.
  1354 | D:2      | Found a shimmering altar of Xom.
  1356 | D:2      | Found a shimmering altar of Xom.
  1357 | D:2      | Found a shimmering altar of Xom.
  1357 | D:2      | Found a shimmering altar of Xom.
  1357 | D:2      | Found a shimmering altar of Xom.
  1357 | D:2      | Found a shimmering altar of Xom.
  1357 | D:2      | Found a shimmering altar of Xom.
  1390 | D:2      | Found a sacrificial altar of Ru.
  1413 | D:2      | Became a worshipper of Ru the Awakened
  2125 | D:2      | Reached XP level 5. HP: 34/35 MP: 5/5
  2302 | D:3      | Noticed bmj180's ghost (amateur HOFi)
  2384 | D:3      | Found a sparkling altar of Nemelex Xobeh.
  2530 | D:3      | HP: 11/36 [orc priest/divine providence (12)]
  2533 | D:3      | Killed from afar by an orc priest

Skill      XL: |  1  2  3  4 |
---------------+-------------+-----
Fighting       | 2 |  2.8
Long Blades    | 4 |  4.6
Dodging        | 4 |  4.2
Throwing       | |  2.0
Armour         | |  0.8

Action                   |  1- 3 |  4- 6 || total
-------------------------+-------+-------++-------
Melee: Long sword        |    96 |   129 ||   225
  Eat: Chunk             |     1 |     4 ||     5
Armor: Leather armour    |    24 |       ||    24
       Ring mail         |       |    15 ||    15
       Chain mail        |       |    11 ||    11
Dodge: Dodged            |   102 |    98 ||   200
       Rpst.: Long sword |    28 |    29 ||    57

Vault maps used:
D:1:      lemuel_arrival_funnel
D:2:      lemuel_crystal_altar, minmay_misc_feat_doors, xom_redecorated
D:3:      nemelex_xobeh_ov_fountains_minmay, first_ration, portal_sewer_entry_b
